 Dungeon Crawl Stone Soup version 0.27.1-4-g1640c2035a (webtiles) character file.

Game seed: 10159006827333470793

32 Crownlay the Chopper (level 3, -7/31 HPs)
             Began as a Hill Orc Fighter on Nov 6, 2021.
             Mangled by Sigmund (10 damage)
             ... on level 2 of the Dungeon.
             The game lasted 00:01:18 (1027 turns).

Crownlay the Chopper (Hill Orc Fighter)             Turns: 1027, Time: 00:01:18

Health: -7/31      AC:  8    Str: 19    XL:     3   Next: 27%
Magic:  3/3        EV:  9    Int:  8    God:
Gold:   73         SH:  0    Dex: 10    Spells: 2/2 levels left

rFire    . . .     SeeInvis .   a - +0 war axe
rCold    . . .     Faith    .   (no shield)
rNeg     . . .     Spirit   .   b - +0 scale mail
rPois    .         Reflect  .   (no helmet)
rElec    .         Harm     .   (no cloak)
rCorr    .         Rampage  .   (no gloves)
Will     .....                  h - +0 pair of boots
Stlth    ..........             (no amulet)
HPRegen  0.10/turn              (no ring)
MPRegen  0.08/turn              (no ring)

@: mighty
A: no striking features
a: no special abilities


You were on level 2 of the Dungeon.
You visited 1 branch of the dungeon, and saw 2 of its levels.

You collected 73 gold pieces.

Inventory:

Hand Weapons
 a - a +0 war axe (weapon)
Armour
 b - a +0 scale mail (worn)
 c - a +0 kite shield
 h - a +0 pair of boots (worn)
Jewellery
 j - a ring of willpower
Scrolls
 e - 2 scrolls of identify {unknown}
 i - a scroll of vulnerability {unknown}
 k - a scroll of amnesia {unknown}
Potions
 f - a potion of haste {unknown}
 g - 2 potions of heal wounds {unknown}


   Skills:
 - Level 3.6 Fighting
 * Level 4.2 Axes
 - Level 3.2 Armour
 + Level 3.8 Shields


You had 2 spell levels left.
You didn't know any spells.
Your spell library was empty.

Dungeon Overview and Level Annotations

Branches:
Dungeon (2/15)

Altars:

Annotations:
D:2 Sigmund


Message History

No target in view!
No target in view!
No target in view!
Found 11 poisoned darts.
Found a scroll labelled ALLYUP SUHEYGH.
e - 2 scrolls labelled ALLYUP SUHEYGH (gained 1) Sigmund the Dreaded comes into view.
He is wielding a +0 scythe.
Sigmund shouts!
Sigmund is nearby!
Sigmund is nearby!
Sigmund is nearby!
Sigmund is nearby!
Level annotation: Sigmund Welcome back, Crownlay the Hill Orc Fighter.
Press ? for a list of commands and other information.
Found a scroll labelled ESALYHIESK.
You feel very mighty all of a sudden. Sigmund closely misses you.
Found 10 arrows.
Sigmund gestures wildly while chanting.
Sigmund flickers and vanishes!
Deactivating autopickup; reactivate with Ctrl-A.
You barely miss something. Something hits you but does no damage.
You closely miss something. Something hits you!
You barely miss something. Something hits you but does no damage.
You miss something. You barely miss something. Something hits you.
You barely miss something. Something hits you.
You miss something. Something hits you.
You slash something! Something hits you.
* * * LOW HITPOINT WARNING * * *
You hit something. Something hits you but does no damage.
You closely miss something. Something hits you but does no damage.
You hit something.
You hear some strange, mumbled words.
A puff of flame appears from out of thin air!
The puff of flame hits you.
* * * LOW HITPOINT WARNING * * *
You miss something. Something hits you!
You die...

##..#####........
...................
##..###.####..#####
#.####..## ####
#......... ...
#.####.#### ... .
#..###.####.## #.##...
#............###.......
#..###.........@{.....(
# ....(.#....###....?..
#.####.#.#### #.##...
#.#.# .# . #.#.# #
....# #.... ###


There were no monsters in sight!

Vanquished Creatures
  An adder (D:2)
  A worm (D:2)
  A dart slug (D:1)
  3 bats (D:1)
  2 endoplasms (D:1)
  A hobgoblin (D:2)
  2 jackals (D:2)
  2 ball pythons
  A frilled lizard (D:1)
  3 goblins
  A rat (D:1)
18 creatures vanquished.

Notes
Turn   | Place    | Note
-------+----------+-------------------------------------------
     0 | D:1      | Crownlay the Hill Orc Fighter began the quest for the Orb.
     0 | D:1      | Reached XP level 1. HP: 19/19 MP: 1/1
    76 | D:1      | Reached skill level 3 in Axes
   240 | D:1      | Reached XP level 2. HP: 22/26 MP: 2/2
   828 | D:2      | Reached skill level 4 in Axes
   828 | D:2      | Reached XP level 3. HP: 20/31 MP: 3/3
  1011 | D:2      | Noticed Sigmund
  1027 | D:2      | Mangled by Sigmund

Illustrated notes

Levels and vault maps discovered:
D:1:      mrwooster_arrival_statue, layout_basic
D:2:      layout_loops_ring, basic_altar, minmay_tromino_v7, uniq_sigmund,
          uniq_crazy_yiuf_cottage

Skill      XL: |  1  2 |
---------------+-------+-----
Axes           | 3 4 |  4.2
Fighting       | |  3.6
Armour         | |  3.2
Shields        | |  3.8

Action                   || total
-------------------------++-------
Melee: War axe           ||    59
  Use: Potion            ||     1
Armor: Scale mail        ||    45
Dodge: Dodged            ||    34
